 Dungeon Crawl Stone Soup version 0.20.1-4-g4af34eaf8e (webtiles) character file.

163 Alfie the Shooter (level 5, -5/45 HPs)
             Began as a Minotaur Hunter on Mar 6, 2020.
             Slain by a phantom (7 damage)
             ... on level 4 of the Dungeon.
             The game lasted 00:07:13 (1941 turns).

Alfie the Shooter (Minotaur Hunter)                 Turns: 1941, Time: 00:07:14

Health: -5/45      AC:  5    Str: 17    XL:     5   Next: 20%
Magic:  4/4        EV: 11    Int:  8    God:
Gold:   183        SH:  0    Dex: 11    Spells: 4/4 levels left

rFire    . . .     SeeInvis .   c - +0 falchion
rCold    . . .     Gourm    .   (no shield)
rNeg     . . .     Faith    .   j - +0 ring mail
rPois    .         Spirit   .   (helmet restricted)
rElec    .         Reflect  .   (no cloak)
rCorr    .         Harm     .   (no gloves)
MR       .....                  (no boots)
Stlth    +.........             (no amulet)
Regen    0.2/turn               (no ring)
MPRegen  0.1/turn               (no ring)

@: no status effects
A: retaliatory headbutt, horns 2
a: no special abilities


You were on level 4 of the Dungeon.
You were not hungry.

You visited 1 branch of the dungeon, and saw 4 of its levels.

You collected 183 gold pieces.

Inventory:

Hand Weapons
 a - a +1 shortbow
 c - a +0 falchion (weapon)
Missiles
 d - 3 arrows
Armour
 j - a +0 ring mail (worn)
Scrolls
 b - a scroll of remove curse
 e - a scroll of fear
 h - a scroll of blinking
 k - 2 scrolls of identify
Potions
 g - a potion of resistance {unknown}
 i - 2 potions of might {unknown}
 l - a potion of mutation {unknown}
 q - 2 potions of magic
Comestibles
 f - 3 bread rations
 p - 2 meat rations


   Skills:
 + Level 3.3 Fighting
 + Level 1.0 Long Blades
 + Level 6.4 Bows
 + Level 1.6 Armour
 + Level 2.2 Dodging
 + Level 0.8 Stealth


You had 4 spell levels left.
You didn't know any spells.

Dungeon Overview and Level Annotations

Branches:
Dungeon (4/15)
 Temple: D:4-7

Altars:
Ru


Innate Abilities, Weirdness & Mutations

You reflexively headbutt those who attack you in melee.
You have a pair of horns on your head.


Message History

* * * LOW HITPOINT WARNING * * *
The phantom blinks!
You closely miss the phantom.
The phantom is severely damaged.
The phantom hits you but does no damage.
The phantom barely misses you.
You barely miss the phantom.
The phantom is heavily damaged.
The phantom barely misses you.
You closely miss the phantom.
The phantom is heavily damaged.
The phantom hits you.
* * * LOW HITPOINT WARNING * * *
The phantom blinks!
The phantom misses you.
You see here a scroll of amnesia.
You barely miss the phantom. You headbutt the phantom.
The phantom is severely damaged.
The phantom hits you!
You die...

_. ##.# ###.. ...## ####
###..####### #..
#..........#
#.#####..........# ##
####.........@W.....#
.###....################
.....#.## .ยง.....#
.####### .# .# ##


You could see a phantom.

Vanquished Creatures
  An orc priest (D:3)
  An orc wizard (D:3)
  2 adders (D:2)
  2 worms
  3 dart slugs (D:1)
  4 leopard geckos
  6 orcs (D:3)
  7 bats
  7 giant cockroaches
  8 goblins
  4 hobgoblins
  10 kobolds
  A quokka (D:2)
  3 frilled lizards (D:1)
  9 rats
68 creatures vanquished.

Notes
Turn   | Place    | Note
-------+----------+-------------------------------------------
     0 | D:1      | Alfie the Minotaur Hunter began the quest for the Orb.
     0 | D:1      | Reached XP level 1. HP: 18/18 MP: 0/0
    87 | D:1      | Reached XP level 2. HP: 25/25 MP: 1/1
   212 | D:1      | Reached skill level 5 in Bows
   579 | D:1      | Reached XP level 3. HP: 30/30 MP: 2/2
   999 | D:2      | Reached XP level 4. HP: 27/37 MP: 3/3
  1065 | D:2      | Reached skill level 1 in Armour
  1273 | D:3      | Reached skill level 6 in Bows
  1656 | D:3      | Reached skill level 1 in Long Blades
  1656 | D:3      | Reached XP level 5. HP: 43/45 MP: 4/4
  1683 | D:3      | Found a faded altar of an unknown god.
  1883 | D:4      | Noticed a phantom
  1909 | D:4      | Found a sacrificial altar of Ru.
  1937 | D:4      | HP: 2/45 [phantom (3)]
  1941 | D:4      | Slain by a phantom

Skill      XL: |  1  2  3  4 |
---------------+-------------+-----
Bows           | 5 6 |  6.4
Armour         | 1 |  1.6
Fighting       | 3 |  3.3
Long Blades    | 1 |  1.0
Dodging        | |  2.2
Stealth        | |  0.8

Action                   |  1- 3 |  4- 6 || total
-------------------------+-------+-------++-------
Melee: Short sword       |     4 |    30 ||    34
       Headbutt          |     1 |    14 ||    15
       Falchion          |       |    35 ||    35
 Fire: Shortbow          |    87 |     3 ||    90
  Use: Scroll            |     6 |     4 ||    10
  Eat: Royal jelly       |       |     1 ||     1
       Bread ration      |       |     1 ||     1
Armor: Leather armour    |     5 |     3 ||     8
       Ring mail         |       |    11 ||    11
Dodge: Dodged            |    22 |    47 ||    69
       Rpst.: Falchion   |       |     3 ||     3
